 Seeded DCSS version 0.26-a0-72-g09a6a6c (webtiles) character file.

Game seed: 11301349378719138389 (custom seed)

9858 Auros the Earth Mage (level 11, -10/54 HPs)
             Began as a Gargoyle Earth Elementalist on June 12, 2020.
             Was an Elder of Elyvilon.
             Mangled by an ice beast (12 damage)
             ... summoned by an ice statue
             ... on level 10 of the Dungeon on June 14, 2020.
             The game lasted 01:18:54 (15694 turns).

Auros the Earth Mage (Gargoyle Earth Elementalist) Turns: 15694, Time: 01:18:55

Health: -10/54     AC: 13    Str: 18    XL:     11   Next: 53%
Magic:  2/17       EV: 11    Int: 24    God:    Elyvilon [****..]
Gold:   417        SH:  4    Dex: 10    Spells: 4/18 levels left

rFire    . . .     SeeInvis .   k - +0 flail
rCold    . . .     Gourm    .   C - +0 buckler
rNeg     + . .     Faith    .   R - +1 leather armour "Kihufarph" {+Fly rPois Int+5 Stlth-}
rPois    ∞         Spirit   .   (no helmet)
rElec    +         Reflect  .   v - scarf {+Inv}
rCorr    .         Harm     .   B - +0 pair of gloves
MR       .....                  (no boots)
Stlth    +.........             (no amulet)
HPRegen  0.18/turn              N - +6 ring of strength
MPRegen  0.15/turn              (no ring)

@: flying
A: negative energy resistance 1, electricity resistance, unbreathing,
petrification resistance, rot immunity, AC +8
a: Lesser Healing, Heal Other, Purification, Greater Healing, Divine Protection,
Renounce Religion, Evoke Invisibility, Stop Flying


You were on level 10 of the Dungeon.
You worshipped Elyvilon.
Elyvilon was greatly pleased with you.
You were not hungry.

You visited 2 branches of the dungeon, and saw 12 of its levels.

You collected 529 gold pieces.
You spent 112 gold pieces at shops.

Inventory:

Hand Weapons
 b - a +0 dagger
 g - a +1 whip of pain
 k - a +0 flail (weapon)
 x - a +0 whip
 y - a +0 mace
Missiles
 i - 2 throwing nets
 l - 99 arrows
 n - 82 bolts
 o - 35 poisoned darts
 r - 76 sling bullets
 Z - 315 stones (quivered)
Armour
 c - a +0 robe
 f - a +0 cloak
 v - a scarf of invisibility (worn)
 B - a +0 pair of gloves (worn)
 C - a +0 buckler (worn)
 E - a +0 leather armour
 K - a +3 ring mail of cold resistance
 R - the +1 leather armour "Kihufarph" (worn) {+Fly rPois Int+5 Stlth-}
   (You found it on level 9 of the Dungeon)

   It affects your intelligence (+5).
   It protects you from poison.
   It lets you fly.
   It makes you less stealthy.
Jewellery
 A - an uncursed amulet of guardian spirit
 D - the ring of Laamadump {rPois rC+ MP-9 Int+6 Dex+7}
   (You found it on level 5 of the Dungeon)

   [ring of intelligence]

   It affects your intelligence (+6).
   It affects your dexterity (+7).
   It protects you from cold.
   It protects you from poison.
   It affects your magic capacity (-9).
 N - a +6 ring of strength (left hand)
Wands
 q - a wand of flame (39)
 M - a wand of acid (14)
 S - a wand of digging (2)
Scrolls
 a - 8 scrolls of remove curse {unknown}
 m - a scroll of fog
 p - a scroll of blinking
 t - 6 scrolls of teleportation
 u - a scroll of magic mapping
 w - 2 scrolls of enchant weapon {unknown}
 J - 3 scrolls of noise
 Q - a scroll of vulnerability {unknown}
Potions
 d - a potion of brilliance
 e - 9 potions of curing
 h - a potion of berserk rage
 j - a potion of lignification
 s - 2 potions of cancellation
 F - 6 potions of heal wounds
 G - a potion of haste {unknown}
 H - 3 potions of flight
 I - a potion of resistance {unknown}
 L - a potion of degeneration {unknown}
 P - a potion of stabbing
Comestibles
 z - 9 rations


   Skills:
 - Level 0.1 Short Blades
 - Level 4.5 Maces & Flails
 - Level 1.5 Dodging
 - Level 2.2 Stealth
 - Level 4.0 Shields
 - Level 4.2 Spellcasting
 + Level 8.7 Conjurations
 - Level 3.3 Transmutations
 - Level 16.4 Earth Magic
 - Level 6.9 Invocations


You had 4 spell levels left.
You knew the following spells:

 Your Spells              Type           Power        Failure   Level  Hunger
a - Sandblast             Erth           ######       0%          1    None
b - Petrify               Tmut/Erth      ######..     1%          4    ####...
c - Lee's Rapid Deconstr  Erth           ######....   1%          5    #####..
d - Stone Arrow           Conj/Erth      ######       1%          3    ##.....
e - Summon Small Mammal   Summ           #...         12%         1    None

Your spell library contained the following spells:

 Spells                   Type           Power        Failure   Level  Hunger
 Passwall                 Tmut/Erth      ######..     1%          2    None
 Call Imp                 Summ           #.......     17%         2    None
 Call Canine Familiar     Summ           #.......     34%         3    ##.....
 Summon Guardian Golem    Hex/Summ       #.......     34%         3    ##.....
 Summon Ice Beast         Ice/Summ       #.......     75%         4    ####...
 Summon Lightning Spire   Summ/Air       #.......     75%         4    ####...
 Bolt of Magma            Conj/Fire/Erth #####.....   10%         5    #####..
 Iron Shot                Conj/Erth      ######....   10%         6    #######
 Iskenderun's Battlesphe  Conj/Chrm      ####....     47%         5    #####..
 Orb of Destruction       Conj           #####.....   95%         7    #######
 Spellforged Servitor     Conj/Summ      ####......   100%        7    #######


Dungeon Overview and Level Annotations

Branches:
Dungeon (11/15)            Temple (1/1) D:4            Lair (0/6) D:10
    Orc: D:9-12

Altars:
Ashenzari
Cheibriados
Dithmenos
Elyvilon
Fedhas
Gozag
Hepliaklqana
Kikubaaqudgha
Makhleb
Nemelex Xobeh
Okawaru
Qazlal
Ru
Sif Muna
Trog
Uskayaw
Vehumet
Wu Jian
Xom
Yredelemnul
Zin
The Shining One

Shops:
D:9 *?

Annotations:
D:10 exclusion: ice statue


Innate Abilities, Weirdness & Mutations

You are resistant to torment.
Your stone body is resilient. (AC +8)
You are immune to poison.
You resist negative energy. (rN+)
You are resistant to electric shocks. (rElec)
You can survive without breathing.
You are immune to petrification.
You are immune to rotting.


Message History

Aiming: Stone Arrow (safe; 1% risk of failure)
Press: ? - help, Shift-Dir - straight line, f/p - ice statue
Aim: an ice statue (severely damaged)
The stone arrow hits the ice statue.
The ice statue is almost destroyed.
The ice beast closely misses you. The ice statue gestures at you.
The freezing blast engulfs you!
* * * LOW HITPOINT WARNING * * *
The ice beast hits you but does no damage.
The ice beast misses you.
You are healed.
You feel somewhat more hungry.
You are engulfed in freezing vapours.
* * * LOW HITPOINT WARNING * * *
The ice beast completely misses you.
The ice beast hits you but does no damage.
The ice beast hits you.
* * * LOW HITPOINT WARNING * * *
The ice beast freezes you!
You die...

##≈≈≈≈####
###≈≈≈≈≈≈≈≈≈≈..$###
#≈≈≈≈≈≈≈###≈≈≈≈≈≈≈≈≈≈≈....#..
##≈≈≈≈≈≈≈≈≈≈≈≈≈≈≈≈≈≈≈≈....#.#
#≈≈≈≈≈≈≈≈≈≈≈≈≈≈≈≈≈≈≈≈....#.#
#≈≈≈≈≈≈≈≈≈≈≈≈≈≈≈≈≈≈≈≈....#.#
##≈≈≈≈≈≈≈≈≈≈≈≈≈≈≈≈≈≈≈....#.#
#≈≈≈≈≈≈≈≈≈≈≈≈≈≈≈≈≈≈≈....#.#
#≈≈≈≈≈≈≈YY§≈≈≈≈≈≈≈≈≈......#
#≈≈≈≈≈≈≈≈Y@§≈≈≈≈≈≈≈≈≈......#
#≈≈≈≈≈≈≈☼8☼☼≈≈≈≈≈≈≈;≈....#.#
≈≈≈≈≈≈≈≈≈≈≈≈≈≈≈≈≈≈≈≈....#.#
≈≈≈≈≈≈≈≈≈≈≈≈≈≈≈≈≈≈≈≈......#
≈≈≈≈≈≈≈≈≈≈≈≈≈≈≈≈≈≈≈≈≈.....#
≈≈≈≈≈≈≈≈≈≈≈≈≈≈≈≈≈≈≈≈≈...#.#
≈≈≈≈≈≈≈≈≈≈≈≈≈≈≈≈≈≈≈≈...#.#
≈≈≈≈≈≈≈≈≈≈≈≈≈≈≈≈≈≈≈...#.#
≈≈≈≈≈≈;...#.#


You could see an ice statue and 3 ice beasts.

Vanquished Creatures
  Harold (D:10)
  Erica (D:8)
  Pikel (D:7)
  A deep elf mage (D:10)
  Joseph (D:10)
  A troll (D:9)
  A hippogriff (D:8)
  Sigmund (D:3)
  4 yaks (D:9)
  An acid dragon (D:9)
  A water moccasin (D:6)
  A water moccasin (shapeshifter) (D:10)
  Duvessa (D:6)
  15 ice beasts
  3 orc warriors
  A sky beast (D:5)
  2 eyes of draining (D:7)
  3 phantoms
  A slave (D:7)
  4 ogres
  2 centaurs
  3 big kobolds
  4 bullfrogs
  5 scorpions
  Dowan (D:6)
  6 killer bees
  5 electric eels (D:10)
  2 howler monkeys (D:6)
  A crimson imp (D:4)
  3 bullfrog zombies
  A centaur zombie (D:5)
  A quasit (D:6)
  3 hounds
  2 jellies (D:10)
  8 orc wizards
  2 bullfrog skeletons
  5 orc priests
  A centaur skeleton (D:8)
  8 iguanas
  Terence (D:3)
  5 worker ants
  A hound skeleton (D:3)
  A worker ant zombie (D:8)
  16 adders
  6 oozes
  An adder skeleton (D:10)
  An adder zombie (D:9)
  2 worms
  3 dart slugs
  7 leopard geckos
  37 orcs
  3 bats
  9 giant cockroaches
  4 hobgoblins
  7 jackals
  2 quokkas
  4 ball pythons
  3 frilled lizards (D:2)
  6 goblins
  A jackal zombie (D:5)
  10 kobolds
  A leopard gecko zombie (D:5)
  A quokka zombie (D:6)
  5 rats
245 creatures vanquished.

Vanquished Creatures (collateral kills)
  3 orcs (D:6)
3 creatures vanquished.

Grand Total: 248 creatures vanquished

Notes
Turn   | Place    | Note
-------+----------+-------------------------------------------
     0 | D:1      | Auros the Gargoyle Earth Elementalist began the quest for
                  | the Orb.
     0 | D:1      | Reached XP level 1. HP: 10/10 MP: 3/3
   262 | D:1      | Reached skill level 4 in Earth Magic
   342 | D:1      | Reached XP level 2. HP: 10/15 MP: 3/5
   734 | D:1      | Reached XP level 3. HP: 15/19 MP: 6/6
   735 | D:1      | Reached skill level 5 in Earth Magic
  1564 | D:2      | Reached XP level 4. HP: 11/24 MP: 7/7
  1872 | D:2      | Reached skill level 6 in Earth Magic
  2408 | D:2      | Found a hazy altar of Hepliaklqana.
  2641 | D:2      | Found a glowing golden altar of the Shining One.
  2850 | D:3      | Reached XP level 5. HP: 25/28 MP: 8/8
  2961 | D:3      | Reached skill level 14 in Earth Magic
  2961 | D:3      | Reached XP level 6. HP: 32/32 MP: 9/9
  2963 | D:3      | Reached skill level 16 in Earth Magic
  2963 | D:3      | Reached XP level 7. HP: 36/36 MP: 9/13
  2969 | D:3      | Learned a level 4 spell: Petrify
  2975 | D:3      | Learned a level 5 spell: Lee's Rapid Deconstruction
  3053 | D:3      | Learned a level 3 spell: Stone Arrow
  3242 | D:3      | Learned a level 1 spell: Summon Small Mammal
  3263 | D:3      | Noticed Terence
  3287 | D:3      | Killed Terence
  3423 | D:3      | Noticed Sigmund
  3444 | D:3      | Killed Sigmund
  4086 | D:4      | Found a staircase to the Ecumenical Temple.
  4110 | Temple   | Entered the Ecumenical Temple
  4256 | Temple   | Became a worshipper of Elyvilon the Healer
  4543 | D:4      | Reached XP level 8. HP: 41/41 MP: 5/14
  4856 | D:4      | Reached skill level 1 in Invocations
  5132 | D:4      | You fall into a shaft and drop 2 floors!
  5202 | D:6      | Found a shimmering altar of Xom.
  5300 | D:6      | Found a sacrificial altar of Ru.
  5767 | D:6      | Reached * piety under Elyvilon
  5779 | D:5      | Entered Level 5 of the Dungeon
  6262 | D:6      | Reached XP level 9. HP: 36/45 MP: 15/15
  6474 | D:5      | Found a stormy altar of Qazlal.
  6641 | D:4      | Upgraded the game from 0.26-a0-68-g35acc81 to
                  | 0.26-a0-72-g09a6a6c
  6709 | D:4      | Found a shadowy altar of Dithmenos.
  6937 | D:4      | Found a basalt altar of Yredelemnul.
  7478 | D:5      | Found an iron altar of Okawaru.
  7532 | D:5      | Reached ** piety under Elyvilon
  7829 | D:5      | Got a crude lapis lazuli ring
  7830 | D:5      | Identified the ring of Laamadump {rPois rC+ MP-9 Int+6
                  | Dex+7} (You found it on level 5 of the Dungeon)
  8482 | D:6      | Reached skill level 1 in Shields
  8719 | D:6      | Found a shattered altar of Ashenzari.
  9010 | D:7      | Reached skill level 5 in Invocations
  9161 | D:7      | Found a bloodstained altar of Trog.
  9338 | D:7      | Noticed Duvessa
  9338 | D:7      | Noticed Dowan
  9372 | D:6      | Killed Dowan
  9376 | D:6      | Killed Duvessa
  9694 | D:7      | Reached *** piety under Elyvilon
 10009 | D:7      | Noticed Pikel
 10019 | D:7      | Killed Pikel
 10019 | D:7      | Reached XP level 10. HP: 50/50 MP: 3/16
 10140 | D:7      | Got a crude robe
 10151 | D:7      | Identified the +2 robe of the Morning Star {rF+ rC- Int+4}
                  | (You found it on level 7 of the Dungeon)
 10371 | D:8      | Noticed Erica
 10453 | D:8      | Killed Erica
 11257 | D:9      | Got a polished leather armour
 11268 | D:9      | Identified the +1 leather armour "Kihufarph" {+Fly rPois
                  | Int+5 Stlth-} (You found it on level 9 of the Dungeon)
 11284 | D:9      | Found a hide-covered altar of Uskayaw.
 11331 | D:9      | Found a sparkling altar of Nemelex Xobeh.
 11589 | D:9      | Reached skill level 1 in Conjurations
 11867 | D:9      | Found Wuuqacoe's General Store.
 12375 | D:9      | Reached XP level 11. HP: 41/54 MP: 2/17
 12477 | D:9      | Reached **** piety under Elyvilon
 12493 | D:9      | Found an ancient bone altar of Kikubaaqudgha.
 12550 | D:9      | Found Lapeq's Magic Scroll Boutique.
 12555 | D:9      | Bought a scroll of blinking for 112 gold pieces
 12676 | D:10     | Entered Level 10 of the Dungeon
 12692 | D:10     | Reached skill level 5 in Conjurations
 12809 | D:10     | Noticed a deep elf mage
 12824 | D:10     | Killed a deep elf mage
 12975 | D:10     | Noticed Joseph
 12983 | D:10     | Killed Joseph
 13734 | D:10     | Noticed Harold
 13759 | D:10     | Found a staircase to the Lair.
 14151 | D:10     | Killed Harold
 15266 | D:10     | Noticed an ice dragon
 15694 | D:10     | HP: 2/54 [ice beast[an ice statue] (1)]
 15694 | D:10     | Mangled by an ice beast

Illustrated notes

Levels and vault maps discovered:
D:1:      roderic_crop_circles_arrival_small, layout_basic, st_stairs_6
D:2:      layout_loops_cross, nicolae_tso_swordbearing_angel, marbit_many_paths,
          first_ration
D:3:      layout_loops_ring, uniq_sigmund, uniq_terence
D:4:      layout_basic, nicolae_overflow_hidden_temple, grunt_dithmenos_shadows,
          minmay_temple_entry_proselytizer
D:5:      layout_rooms, nicolae_qazlal_style_of_elements, okawaru_gym_becter
D:6:      layout_basic, kennysheep_little_box,
          chequers_temple_overflow_statue_of_worship
D:7:      layout_gridville, trog_eyes_of_draining, uniq_duvessa, uniq_pikel
D:8:      layout_rooms, kennysheep_generic_room_11, uniq_erica
D:9:      layout_roguey, eat_drink_and_be_merry_uskayaw,
          kiku_gazebo_pond_becter, serial_shops, shop, shop, basic_altar
D:10:     minmay_twisted_water, layout_basic, lair_entry_dummy, uniq_joseph,
          uniq_harold
D:11:     minmay_bloctagon, layout_stronghold
Temple:   zaba_magenta_temple

Skill      XL: |  1  2  3  4  5  6  7  8  9 10 11 |
---------------+----------------------------------+-----
Earth Magic    | 4 5 6 14 16 | 16.4
Maces & Flails | 3 4 |  4.5
Spellcasting   | 4 |  4.2
Transmutations | 3 |  3.3
Invocations    | 4 5 6 |  6.9
Shields        | 3 4 |  4.0
Conjurations   | 4 8 |  8.7
Short Blades   | |  0.1
Dodging        | |  1.5
Stealth        | |  2.2

Action                   |  1- 3 |  4- 6 |  7- 9 | 10-12 || total
-------------------------+-------+-------+-------+-------++-------
Melee: Dagger            |   103 |       |   183 |       ||   286
       Unarmed           |     6 |       |       |       ||     6
       Whip              |    43 |   106 |   344 |       ||   493
       Flail             |       |       |    66 |   270 ||   336
Throw: Stone             |       |       |     3 |     1 ||     4
 Cast: Sandblast         |     5 |     1 |       |     2 ||     8
       Petrify           |       |       |    13 |    10 ||    23
       Lee's Rapid Decon |       |       |    16 |    21 ||    37
       Stone Arrow       |       |       |    70 |    75 ||   145
       Summon Small Mamm |       |       |    21 |     4 ||    25
Invok: Purification      |       |       |       |     2 ||     2
       Lesser Healing    |       |       |       |     2 ||     2
 Abil: Evoke Flight      |       |       |       |     8 ||     8
Evoke: Wand              |       |       |       |     4 ||     4
  Use: Potion            |       |     2 |       |     2 ||     4
       Scroll            |       |       |    11 |     5 ||    16
 Stab: Sleeping          |     3 |     7 |     2 |       ||    12
       Petrified         |       |       |    34 |    10 ||    44
       Distracted        |       |       |     2 |       ||     2
  Eat: Chunk             |     2 |     5 |    28 |    19 ||    54
       Ration            |       |       |     2 |     5 ||     7
Armor: Robe              |    47 |    40 |   168 |       ||   255
       Leather armour    |       |       |    47 |    28 ||    75
       Ring mail         |       |       |    18 |   130 ||   148
       Skin              |       |       |       |    11 ||    11
Dodge: Dodged            |    84 |    78 |   350 |   159 ||   671
Block: Buckler           |       |       |     8 |    63 ||    71

Table legend:
 A = Non-vault XP
 B = Vault XP
 C = Vault XP percentage of total XP
 D = Non-vault monster count
 E = Vault monster count
 F = Vault count percentage of total count
                 A         B        C        D         E       F
            +---------+---------+-------+---------+---------+-------
      Total |    7731 |    5873 |  43.2 |     217 |      30 |  12.1
            +---------+---------+-------+---------+---------+-------
        D:1 |      45 |       1 |   2.2 |      20 |       1 |   4.8
        D:2 |     103 |      13 |  11.2 |      24 |       1 |   4.0
        D:3 |      66 |     259 |  79.7 |      14 |       2 |  12.5
        D:4 |     518 |     169 |  24.6 |      22 |       2 |   8.3
        D:5 |     641 |       0 |   0.0 |      17 |       0 |   0.0
        D:6 |    1316 |     214 |  14.0 |      40 |       2 |   4.8
        D:7 |     270 |    1123 |  80.6 |       5 |       5 |  50.0
        D:8 |     767 |    1115 |  59.2 |      16 |       3 |  15.8
        D:9 |    2102 |       0 |   0.0 |      32 |       0 |   0.0
       D:10 |    1787 |    2979 |  62.5 |      26 |      14 |  35.0
     Temple |     116 |       0 |   0.0 |       1 |       0 |   0.0
            +---------+---------+-------+---------+---------+-------
